Map: Alcyone LE

Players

xBenx - Winner!

  • Race: Zerg Zerg
  • League: Gold
  • Spawn Location: 7:00

mik

  • Race: Protoss Protoss
  • League: Gold
  • Spawn Location: 1:00

VOD

Have the link to the VOD?

Description

xBenx vs mik

Time

  • Played on: April 3, 2024, 11:47 a.m.
  • Length: 25:50
Show
View Real Time Build Order
Export as new Build Order

xBenx Zerg - Winner!

Build Orders: Pool First 

Get SALT Encoding   

  12  0:03  Drone  
  13  0:14  Overlord  
  13  0:24  Drone  
  14  0:34  Drone  
  15  0:58  Spawning Pool  
  15  0:59  Drone x2  
  15  1:02  Extractor  
  15  1:11  Drone x2  
  17  1:27  Drone  
  17  1:32  Drone, Extractor  
  18  1:51  Hatchery  
  17  1:54  Drone  
  17  1:55  Queen  
  17  1:58  Overlord  
  20  2:06  Zergling x2  
  21  2:12  Roach Warren  
  20  2:18  Drone  
  21  2:35  Lair  
  21  2:37  Drone  
  21  2:38  Drone  
  21  2:42  Extractor  
  21  3:13  Drone  
  21  3:14  Drone  
  21  3:16  Drone  
  21  3:17  Hatchery  
  21  3:19  Drone  
  24  3:28  Spore Crawler  
  24  3:30  Drone, Spore Crawler  
  23  3:37  Overlord  
  23  3:42  Roach  
  25  3:55  Overlord  
  25  4:00  Roach x2  
  29  4:06  Drone x2  
  31  4:14  Queen  
  33  4:27  Roach x2  
  33  4:28  Roach  
  39  4:31  Ravager  
  39  4:32  Drone  
  39  4:36  Drone  
  42  4:39  Extractor  
  42  4:41  Evolution Chamber  
  40  4:45  Drone  
  40  4:47  Drone  
  42  4:58  Drone x3  
  45  5:03  Spore Crawler  
  44  5:16  Zergling x2  
  44  5:18  Zergling x2, Roach x2  
  50  5:24  Spore Crawler  
  49  5:29  Spore Crawler  
  49  5:33  Zerg Melee Weapons Level 1  
  49  5:35  Glial Reconstitution  
  48  5:39  Metabolic Boost  
  48  5:47  Drone x2  
  50  5:52  Drone x2  
  52  5:58  Overlord  
  52  6:10  Infestation Pit  
  51  6:13  Drone x3, Spore Crawler  
  51  6:14  Drone  
  51  6:18  Drone  
  55  6:21  Drone x2  
  57  6:31  Drone x3  
  60  6:33  Drone  
  60  6:35  Drone x2  
  60  6:39  Overlord  
  63  6:47  Spore Crawler  
  63  6:48  Spore Crawler  
  63  6:51  Spore Crawler  
  60  6:55  Spore Crawler  
  60  6:56  Overlord  
  60  6:59  Drone  
  60  7:00  Extractor  
  59  7:08  Hive  
  59  7:11  Drone x2  
  59  7:14  Extractor, Drone  
  61  7:17  Overlord  
  61  7:32  Overlord  
  61  7:34  Overlord  
  61  7:37  Drone x3  
  61  7:41  Spore Crawler  
  61  7:43  Drone  
  61  7:44  Drone  
  65  7:45  Drone x2  
  65  7:46  Drone x2  
  69  7:52  Queen  
  69  7:57  Overseer  
  71  8:13  Drone  
  71  8:14  Drone x2  
  71  8:19  Drone x2  
  76  8:23  Ultralisk Cavern  
  76  8:25  Zerg Ground Armor Level 1  
  75  8:28  Evolution Chamber  
  75  8:30  Zergling x6, Roach  
  75  8:31  Zergling x4, Roach x2  
  86  8:41  Drone x2, Spore Crawler  
  86  8:52  Nydus Network  
  85  9:25  Ultralisk x2  
  85  9:27  Overlord x3  
  97  9:35  Nydus Canal  
  97  9:36  Chitinous Plating  
  97  9:55  Hatchery  
  97  9:57  Extractor  
  95  10:07  Burrow  
  95  10:08  Pneumatized Carapace  
  94  10:15  Hatchery  
  94  10:18  Nydus Canal  
  94  10:19  Zerg Missile Weapons Level 1  
  93  10:21  Zerg Ground Armor Level 2  
  93  10:22  Drone x3  
  96  10:29  Spore Crawler  
  93  10:40  Nydus Canal  
  76  11:02  Nydus Canal  
  74  11:13  Anabolic Synthesis  
  74  11:14  Ultralisk  
  74  11:15  Ultralisk x6  
  108  11:21  Drone x7  
  108  11:22  Drone  
  108  11:23  Drone  
  117  11:39  Extractor  
  116  11:40  Spire  
  116  11:42  Viper  
  118  11:51  Drone x3, Spore Crawler  
  118  11:52  Spore Crawler  
  119  11:55  Spore Crawler  
  119  11:56  Spore Crawler  
  119  11:59  Spore Crawler  
  119  12:00  Spore Crawler  
  119  12:01  Spore Crawler  
  114  12:02  Spore Crawler  
  114  12:03  Drone  
  114  12:04  Drone x2, Spore Crawler  
  114  12:05  Drone  
  114  12:06  Drone  
  117  12:11  Roach x3  
  117  12:12  Nydus Canal  
  117  12:33  Nydus Canal  
  117  12:55  Nydus Canal  
  117  13:11  Nydus Canal  
  117  13:13  Corruptor x4  
  117  13:15  Zergling x2  
  117  13:16  Overlord x4  
  117  13:17  Overlord x3  
  117  13:18  Overseer x2  
  126  13:30  Roach  
  126  13:31  Extractor, Overlord x3  
  126  13:32  Overlord x2  
  125  13:34  Drone, Queen x2  
  125  13:35  Drone  
  131  13:48  Nydus Canal  
  131  13:57  Zerg Missile Weapons Level 2  
  131  14:00  Unknown  
  131  14:02  Corruptor x4  
  134  14:03  Corruptor x2  
  142  14:16  Zerg Flyer Armor Level 1  
  142  14:19  Spire  
  141  14:27  Nydus Canal  
  101  15:32  Nydus Canal  
  99  15:42  Zergling x8, Ultralisk x3  
  119  15:43  Zergling x16, Ultralisk x2  
  119  15:44  Zergling x6  
  116  15:54  Spawning Pool  
  103  16:12  Overlord x2  
  89  16:26  Nydus Canal  
  87  16:32  Spore Crawler  
  87  16:34  Spore Crawler  
  81  16:42  Spore Crawler  
  81  16:43  Zergling x8  
  81  16:44  Zergling x2  
  81  16:46  Drone  
  82  16:58  Spore Crawler  
  82  16:59  Drone x2  
  83  17:15  Nydus Canal  
  63  17:34  Zergling x8  
  63  17:35  Zergling x4  
  63  17:37  Nydus Canal  
  57  17:44  Zerg Ground Armor Level 3  
  57  17:48  Drone  
  57  17:49  Drone x2  
  53  18:10  Hatchery  
  53  18:11  Drone x2  
  54  18:18  Zergling x4  
  54  18:19  Zergling x4  
  58  18:24  Drone  
  59  18:38  Spore Crawler  
  59  18:39  Spore Crawler  
  57  18:47  Nydus Canal  
  57  19:03  Queen  
  57  19:08  Nydus Canal  
  54  19:23  Drone x10, Nydus Canal  
  53  19:28  Drone  
  53  19:31  Drone x3  
  51  19:57  Hatchery  
  50  20:01  Drone x3  
  50  20:05  Zergling x2  
  50  20:06  Zergling x12, Ultralisk  
  66  20:17  Nydus Canal  
  66  20:27  Drone x2  
  68  20:31  Spore Crawler x2  
  68  20:35  Nydus Canal  
  66  20:54  Nydus Canal  
  66  21:05  Drone x4  
  66  21:06  Drone x2  
  64  21:13  Drone  
  61  21:25  Nydus Canal  
  51  21:33  Drone x2  
  49  21:42  Ultralisk  
  49  21:44  Zergling x4, Ultralisk x3  
  65  22:14  Nydus Canal  
  60  22:25  Ultralisk  
  66  23:00  Spore Crawler  
  66  23:01  Spore Crawler  
  64  23:25  Hatchery  
  62  23:53  Ultralisk x2  
  68  23:56  Nydus Canal  
  62  24:19  Queen  
  62  24:21  Drone  
  65  24:27  Nydus Canal  
  65  24:40  Ultralisk x2  
  65  24:47  Ultralisk  
  65  24:49  Ultralisk  
  65  24:50  Nydus Canal  
  65  25:13  Nydus Canal  
  65  25:34  Spine Crawler  
Show
View Real Time Build Order
Export as new Build Order

mik Protoss 

Build Orders: Carriers 

Get SALT Encoding   

  12  0:12  Pylon  
  12  0:17  Probe (Chrono Boost)  
  13  0:27  Probe (Chrono Boost)  
  14  0:31  Probe (Chrono Boost)  
  15  0:39  Forge  
  15  0:43  Probe  
  16  0:52  Pylon  
  16  0:55  Probe  
  16  1:13  Photon Cannon  
  16  1:19  Assimilator  
  16  1:25  Probe (Chrono Boost)  
  17  1:35  Probe (Chrono Boost)  
  18  1:40  Probe (Chrono Boost)  
  19  1:48  Nexus  
  19  2:03  Pylon  
  19  2:10  Gateway  
  19  2:14  Assimilator  
  19  2:16  Probe (Chrono Boost)  
  20  2:27  Photon Cannon  
  20  2:31  Probe (Chrono Boost)  
  21  2:43  Probe  
  22  2:55  Probe  
  22  3:02  Probe (Chrono Boost)  
  23  3:11  Probe (Chrono Boost)  
  24  3:14  Probe (Chrono Boost)  
  24  3:16  Photon Cannon  
  26  3:21  Cybernetics Core  
  26  3:23  Probe x2 (Chrono Boost)  
  27  3:31  Probe (Chrono Boost)  
  27  3:33  Probe (Chrono Boost)  
  29  3:34  Gateway  
  29  3:40  Probe  
  30  3:44  Zealot  
  30  3:47  Probe  
  33  3:52  Probe  
  34  3:59  Assimilator, Probe  
  34  4:01  Assimilator  
  35  4:04  Probe  
  36  4:11  Probe  
  36  4:12  Stargate  
  36  4:16  Pylon  
  37  4:20  Stargate  
  37  4:24  Warp Gate  
  37  4:25  Pylon  
  37  4:30  Zealot  
  39  4:32  Probe (Chrono Boost)  
  41  4:42  Probe x2 (Chrono Boost)  
  42  4:48  Probe  
  42  4:49  Shield Battery  
  43  4:59  Pylon  
  43  5:07  Zealot  
  43  5:08  Photon Cannon  
  43  5:15  Pylon  
  43  5:20  Void Ray (Chrono Boost)  
  43  5:21  Void Ray (Chrono Boost)  
  51  5:28  Photon Cannon  
  51  5:30  Shield Battery  
  51  5:34  Zealot  
  53  5:53  Void Ray (Chrono Boost)  
  61  6:02  Void Ray (Chrono Boost), Fleet Beacon  
  61  6:10  Twilight Council  
  61  6:18  Stargate  
  61  6:19  Pylon  
  61  6:26  Zealot, Pylon  
  63  6:33  Robotics Facility  
  63  6:37  Protoss Air Weapons Level 1  
  67  6:48  Void Ray (Chrono Boost)  
  67  6:54  Probe (Chrono Boost)  
  68  7:05  Probe (Chrono Boost)  
  75  7:10  Probe (Chrono Boost)  
  75  7:11  Probe (Chrono Boost)  
  75  7:15  Carrier (Chrono Boost)  
  77  7:16  Charge  
  77  7:17  Pylon  
  77  7:20  Probe  
  78  7:23  Probe  
  79  7:31  Nexus  
  79  7:33  Probe (Chrono Boost)  
  80  7:43  Oracle (Chrono Boost)  
  81  7:44  Probe (Chrono Boost)  
  81  7:50  Probe (Chrono Boost)  
  85  7:57  Observer  
  89  8:00  Void Ray (Chrono Boost)  
  90  8:10  Shield Battery  
  90  8:14  Pylon  
  90  8:18  Assimilator  
  90  8:25  Carrier (Chrono Boost)  
  96  8:43  Photon Cannon  
  96  8:44  Shield Battery  
  96  8:45  Protoss Air Armor Level 1  
  96  8:48  Photon Cannon  
  96  8:58  Phoenix  
  96  8:59  Phoenix  
  100  9:07  Shield Battery  
  100  9:09  Photon Cannon  
  100  9:11  Probe  
  100  9:12  Pylon  
  101  9:22  Phoenix  
  101  9:24  Probe  
  104  9:25  Pylon  
  104  9:30  Photon Cannon  
  104  9:32  Shield Battery  
  104  9:36  Probe  
  104  9:37  Carrier  
  111  9:45  Photon Cannon  
  111  9:48  Probe  
  111  9:49  Photon Cannon  
  111  9:52  Assimilator  
  112  9:55  Pylon  
  112  10:00  Probe  
  112  10:04  Carrier  
  119  10:13  Robotics Bay  
  119  10:22  Photon Cannon  
  119  10:24  Carrier  
  125  10:32  Pylon  
  117  10:58  Carrier  
  117  11:01  Zealot  
  125  11:04  Protoss Ground Weapons Level 1  
  125  11:09  Robotics Facility, Extended Thermal Lance  
  125  11:25  Probe (Chrono Boost)  
  126  11:35  Probe (Chrono Boost)  
  127  11:40  Probe (Chrono Boost)  
  128  11:51  Probe  
  129  11:55  Colossus  
  135  12:03  Probe  
  135  12:07  Dark Shrine  
  136  12:11  Pylon  
  136  12:31  Nexus  
  136  12:49  Gravitic Drive, Colossus  
  140  13:06  Protoss Ground Armor Level 1  
  140  13:44  Dark Templar  
  140  13:46  Gravitic Boosters  
  142  13:51  Gateway  
  142  13:56  Gateway  
  135  14:50  Dark Templar  
  135  14:51  Dark Templar  
  139  14:55  Immortal  
  126  15:03  Mothership  
  97  15:26  Dark Templar  
  97  15:28  Dark Templar  
  56  16:48  Fleet Beacon  
  56  17:11  Gateway  
  52  17:29  Nexus  
  52  17:35  Nexus  
  42  18:06  Pylon  
  42  18:12  Gateway  
  42  18:16  Pylon  
  42  18:35  Forge  
  42  18:38  Cybernetics Core  
  42  18:43  Assimilator  
  42  18:48  Assimilator  
  35  19:17  Zealot  
  35  19:21  Photon Cannon  
  37  19:27  Probe (Chrono Boost)  
  37  19:38  Probe (Chrono Boost)  
  38  19:44  Probe (Chrono Boost)  
  39  19:47  Probe (Chrono Boost)  
  39  19:48  Pylon  
  39  19:52  Probe (Chrono Boost)  
  40  19:54  Probe (Chrono Boost)  
  40  19:57  Zealot  
  43  20:02  Gateway, Probe  
  43  20:06  Probe  
  45  20:14  Probe  
  45  20:17  Zealot, Photon Cannon  
  45  20:19  Probe (Chrono Boost)  
  49  20:23  Pylon  
  50  20:32  Probe (Chrono Boost)  
  50  20:35  Mothership (Chrono Boost)  
  57  20:36  Probe (Chrono Boost)  
  57  20:41  Probe (Chrono Boost)  
  59  20:43  Probe (Chrono Boost)  
  59  20:51  Probe  
  59  20:54  Probe  
  62  21:05  Probe (Chrono Boost)  
  62  21:12  Stargate  
  62  21:18  Shield Battery  
  62  21:23  Zealot  
  62  21:24  Zealot  
  62  21:25  Zealot  
  60  21:36  Pylon  
  60  21:54  Carrier (Chrono Boost)  
  60  22:00  Zealot  
  68  22:01  Zealot  
  68  22:02  Zealot  
  58  22:36  Zealot  
  60  22:38  Zealot  
  62  23:06  Cybernetics Core  
  61  23:22  Fleet Beacon  
  57  23:33  Zealot  
  52  23:34  Zealot  
  41  23:49  Probe (Chrono Boost)  
Tags
 
Composition
Carriers
League
GoldGold
Matchup
PvZ
Opening
Pool First
Player
mikxBenx
Spawn Locations
Cross Positions
Add a new tag
Caveats
  • Supply blocks, unpowered buildings, or Contaminate may cause inaccurate times.
  • Supply counts are checked every 10 seconds.